 Dungeon Crawl Stone Soup version 0.31-a0-1308-ga3cce3a448 (webtiles) character file.

Game seed: 5671569928340170971

7955 grandjackal the Fighter (level 11, -3/90 HPs)
             Began as a Demonspawn Gladiator on Dec 20, 2023.
             Was a Believer of Dithmenos.
             Slain by an efreet
             ... wielding a +4 scimitar of flaming
              (11 damage)
             ... on level 10 of the Dungeon.
             The game lasted 00:18:09 (11597 turns).

grandjackal the Fighter (Demonspawn Gladiator)     Turns: 11597, Time: 00:18:10

Health: -3/90      AC: 12    Str: 15    XL:     11   Next: 3%
Magic:  11/11      EV: 12    Int:  9    God:    Dithmenos [**....]
Gold:   182        SH:  6    Dex: 25    Spells: 8/10 levels left

rFire   + . .        K - +2 long sword (elec)
rCold   + + .        g - +0 buckler
rNeg    . . .        T - +1 ring mail of the Shishi {Dex+3}
rPois   +            R - +2 hat
rElec   +            n - +2 cloak
rCorr   +            (no gloves)
SInv    .            O - +0 pair of boots
Will    .....        x - amulet of magic regeneration
Stlth   ++++++++     u - ring of protection from cold
HPRegen 0.35/turn    (no ring)
MPRegen 0.52/turn

%: no passive effects
@: resistant, wreathed by umbra
A: antennae 2, thin skeletal structure 2, ignite blood 1, demonic magic 1
a: Renounce Religion, Shadow Step


You were on level 10 of the Dungeon.
You worshipped Dithmenos.
Dithmenos was pleased with you.
You visited 2 branches of the dungeon, and saw 11 of its levels.
You also visited: Bailey.

You collected 425 gold pieces.
You spent 243 gold pieces at shops.

Inventory:

Hand Weapons
 o - a +0 dagger of electrocution
 K - a +2 long sword of electrocution (weapon)
 U - a +2 scimitar of flaming
Missiles
 d - 4 throwing nets (quivered)
 e - 9 javelins
Armour
 g - a +0 buckler (worn)
 n - a +2 cloak (worn)
 O - a +0 pair of boots (worn)
 R - a +2 hat (worn)
 T - the +1 ring mail of the Shishi (worn) {Dex+3}
   (You bought it in a shop on level 10 of the Dungeon)

   Dex+3:     It affects your dexterity (+3).
Jewellery
 b - a ring of ice
 u - a ring of protection from cold (left hand)
 x - an amulet of magic regeneration (around neck)
 C - a ring of fire
 I - a ring of fire
Wands
 a - a wand of iceblast (9)
 f - a wand of mindburst (21)
 l - a wand of paralysis (13)
 p - a wand of flame (8)
 A - a wand of digging (8)
 B - a wand of polymorph (5)
 F - a wand of acid (13)
Scrolls
 c - a scroll of brand weapon {unknown}
 j - 6 scrolls of teleportation
 k - 2 scrolls of poison
 r - a scroll of noise {unknown}
 s - 2 scrolls of enchant weapon
 v - a scroll of torment {unknown}
 w - 3 scrolls of fear {unknown}
 y - a scroll of vulnerability {unknown}
 E - a scroll of immolation {unknown}
 M - 2 scrolls of enchant armour {unknown}
 Q - a scroll of revelation {unknown}
 S - a scroll of fog {unknown}
Potions
 h - 2 potions of enlightenment
 i - 4 potions of lignification
 m - 3 potions of brilliance
 q - a potion of ambrosia
 t - a potion of might {unknown}
 z - a potion of magic {unknown}
 D - 4 potions of heal wounds
 G - a potion of haste {unknown}
 J - a potion of degeneration {unknown}
 L - 2 potions of curing
 N - a potion of cancellation {unknown}
 P - a potion of attraction {unknown}


   Skills:
 + Level 10.0 Fighting
 + Level 9.3 Long Blades
 - Level 2.0 Throwing
 - Level 3.0 Dodging
 + Level 9.1 Stealth
 - Level 4.0 Shields


You had 8 spell levels left.
You knew the following spells:

 Your Spells              Type           Power      Damage    Failure   Level
a - Ensorcelled Hibernat  Hex/Ice        0%         N/A       85%         2

Your spell library contained the following spells:

 Spells                   Type           Power      Damage    Failure   Level
 Freeze                   Ice            0%         1d3       71%         1
 Slow                     Hex            0%         N/A       71%         1
 Sting                    Tmut/Pois      0%         1d3       71%         1
 Summon Small Mammal      Summ           0%         N/A       71%         1
 Passwall                 Tmut/Erth      0%         N/A       85%         2
 Poisonous Vapours        Pois/Air       0%         N/A       85%         2
 Call Canine Familiar     Summ           0%         N/A       97%         3
 Confusing Touch          Hex            0%         N/A       97%         3
 Frozen Ramparts          Ice            0%         1d1       97%         3
 Hailstorm                Conj/Ice       0%         3d5       97%         3
 Inner Flame              Hex/Fire       0%         N/A       97%         3
 Ozocubu's Armour         Ice            0%         N/A       97%         3
 Sigil of Binding         Hex            0%         N/A       97%         3
 Summon Guardian Golem    Hex/Summ       0%         N/A       97%         3
 Swiftness                Air            0%         N/A       97%         3
 Vampiric Draining        Necr           0%         2d6       97%         3
 Olgreb's Toxic Radiance  Pois           0%         N/A       100%        4
 Metabolic Englaciation   Hex/Ice        0%         N/A       100%        5
 Yara's Violent Unravell  Hex/Tmut       0%         3d3       100%        5
 Simulacrum               Ice/Necr       0%         N/A       100%        6
 Enfeeble                 Hex            0%         N/A       100%        7


Dungeon Overview and Level Annotations

Branches:
Dungeon (10/15)            Temple (1/1) D:5            Lair (0/5) D:10
 Bailey (visited)
    Orc: D:9-12

Altars:
Ashenzari
Cheibriados
Dithmenos
Fedhas
Gozag
Hepliaklqana
Kikubaaqudgha
Makhleb
Nemelex Xobeh
Okawaru
Qazlal
Ru
Sif Muna
Trog
Uskayaw
Vehumet
Wu Jian
Xom
Yredelemnul

Shops:
D:10 *


Innate Abilities, Weirdness & Mutations

You have a pair of antennae on your head.
You have a moderately thin skeletal structure. (Dex +4, Stealth++)
Your demonic aura sometimes causes spilled blood to erupt in flames.
Spells you cast may paralyse adjacent enemies.


Message History

You start resting.
An efreet is nearby!
The efreet gestures at you.
The fireball explodes!
The fireball engulfs you!!
The fireball engulfs the efreet.
The efreet completely resists.
You hit the efreet but do no damage. You block the efreet's attack.
You hit the efreet but do no damage. The efreet gestures at you.
The fireball explodes!
The fireball engulfs you!!
The fireball engulfs the efreet.
The efreet completely resists.
You feel much better. The efreet gestures at you.
The fireball explodes!
The fireball engulfs you!
The fireball engulfs the efreet.
The efreet completely resists.
You feel protected. You block the efreet's attack.
You hit the efreet but do no damage. The efreet gestures at you.
The bolt of fire hits you! You resist.
You slash the efreet!
The efreet is moderately wounded.
The efreet gestures at you.
The fireball explodes!
The fireball engulfs you! You resist.
The fireball engulfs the efreet.
The efreet completely resists.
You hit the efreet.
The efreet is moderately wounded.
The efreet gestures at you.
The fireball explodes!
The fireball engulfs you! You resist.
* * * LOW HITPOINT WARNING * * *
The fireball engulfs the efreet.
The efreet completely resists.
You hit the efreet. Lightning courses through the efreet!!
The efreet is almost dead.
The efreet hits you with a +4 scimitar of flaming!
* * * LOW HITPOINT WARNING * * *
The efreet burns you.
* * * LOW HITPOINT WARNING * * *
You barely miss the efreet.
The efreet is almost dead.
The efreet hits you with a +4 scimitar of flaming!
You die...

.......°....... #.#.......)...#.
.......☼....... #.#....#.#)#)...
.......○.......###'#.............
..............##........#.#.#....
#............# #.................
##..........## #.......##.####...
##....{...## #.......##.# ####
####'☼#### #..........# #.
#.☼########@....###########.
##.☼......R.....# #.)......
##########.....# #..)).>..
#.....# #..)).... #####.#
#..)).... #.####........
#....♣#....... ###...####'###
#♣.∩# #.#


You could see an efreet.

Vanquished Creatures
  Gastronok (D:9)
  Erolcha (D:9)
  Erica (D:10)
  3 two-headed ogres (D:9)
  A kobold demonologist (D:10)
  A troll (D:10)
  Grinder (D:4)
  Sigmund (D:3)
  2 wyverns (D:9)
  Eustachio (D:5)
  2 steam dragons (D:8)
  A water moccasin (D:5)
  2 orc warriors
  A sky beast (D:7)
  2 black bears (D:6)
  2 centaurs
  7 kobold brigands
  2 bullfrogs
  2 scorpions
  2 howler monkeys (D:9)
  4 electric eels (D:6)
  A hound (D:6)
  3 orc priests
  3 gnoll boudas
  A jelly (D:7)
  2 iguanas (D:6)
  Ijyb (D:5)
  Natasha (thrice) (D:4)
  8 orc wizards
  15 gnolls
  3 adders
  3 shadow imps
  A white imp (D:7)
  2 worms
  A dart slug (D:1)
  22 orcs
  6 endoplasms
  A giant cockroach (D:1)
  5 goblins
  5 hobgoblins
  2 quokkas
  6 ball pythons
  2 bats (D:2)
  3 frilled lizards
  20 kobolds
  2 rats
161 creatures vanquished.

Vanquished Creatures (others)
  A bullfrog (D:8)
  2 orcs (D:8)
3 creatures vanquished.

Grand Total: 164 creatures vanquished

Notes
Turn   | Place    | Note
-------+----------+-------------------------------------------
     0 | D:1      | grandjackal the Demonspawn Gladiator began the quest for
                  | the Orb.
     0 | D:1      | Reached XP level 1. HP: 16/16 MP: 1/1
   156 | D:1      | Gained mutation: You have a pair of small antennae on your
                  | head. [demonic ancestry]
   156 | D:1      | Reached XP level 2. HP: 21/22 MP: 2/2
   609 | D:2      | Found a sacrificial altar of Ru.
   628 | D:2      | Gained mutation: Spells you cast may paralyse adjacent
                  | enemies. [demonic ancestry]
   628 | D:2      | Reached XP level 3. HP: 28/28 MP: 3/3
  1545 | D:3      | Noticed Sigmund
  1672 | D:3      | Killed Sigmund
  1673 | D:3      | Reached skill level 3 in Fighting
  1673 | D:3      | Gained mutation: You have a somewhat thin skeletal
                  | structure. (Dex +2, Stealth+) [demonic ancestry]
  1673 | D:3      | Reached XP level 4. HP: 6/37 MP: 4/4
  1673 | D:3      | Reached XP level 5. HP: 7/42 MP: 5/5
  2381 | D:3      | Found a faded altar of an unknown god.
  2770 | D:3      | Gained mutation: You have a pair of antennae on your head.
                  | [demonic ancestry]
  2770 | D:3      | Reached XP level 6. HP: 23/48 MP: 6/6
  2887 | D:3      | Reached skill level 1 in Stealth
  3007 | D:4      | Noticed Natasha
  3018 | D:4      | Killed Natasha
  3019 | D:4      | Reached skill level 4 in Fighting
  3114 | D:4      | Noticed Grinder
  3131 | D:4      | Killed Grinder
  3132 | D:4      | Reached XP level 7. HP: 45/55 MP: 7/7
  3134 | D:4      | Noticed Natasha
  3149 | D:4      | Killed Natasha
  3577 | D:4      | Noticed Natasha
  3588 | D:4      | Killed Natasha
  3941 | D:4      | Noticed a steam dragon
  4038 | D:5      | Entered Level 5 of the Dungeon
  4406 | D:5      | Noticed Ijyb
  4416 | D:5      | Reached skill level 5 in Long Blades
  4426 | D:5      | Killed Ijyb
  4427 | D:5      | Reached skill level 5 in Fighting
  4607 | D:5      | Noticed Eustachio
  4647 | D:5      | Killed Eustachio
  4648 | D:5      | Gained mutation: Your demonic aura sometimes causes spilled
                  | blood to erupt in flames. [demonic ancestry]
  4648 | D:5      | Reached XP level 8. HP: 48/62 MP: 8/8
  5280 | D:5      | Found a staircase to the Ecumenical Temple.
  5290 | Temple   | Entered the Ecumenical Temple
  5295 | Temple   | Became a worshipper of Dithmenos the Shadowed
  5947 | D:6      | Reached skill level 6 in Fighting
  5991 | D:6      | Found an opulent altar of Gozag.
  6843 | D:7      | Reached skill level 5 in Stealth
  7275 | D:7      | Noticed a hornet
  7373 | D:7      | Found a broken altar of Ashenzari.
  7487 | D:7      | Reached XP level 9. HP: 42/60 MP: 9/9
  7547 | D:7      | Found a stormy altar of Qazlal.
  7547 | D:7      | Found a hide-covered altar of Uskayaw.
  7550 | D:7      | Found a blossoming altar of Fedhas.
  7552 | D:7      | Found a hazy altar of Hepliaklqana.
  8030 | D:8      | Reached * piety under Dithmenos
  8400 | D:8      | Reached skill level 7 in Fighting
  8438 | D:8      | Learned a level 2 spell: Ensorcelled Hibernation
  8448 | D:8      | Found a flagged portal.
  8479 | Bailey   | Entered a bailey
  9139 | D:9      | Noticed Gastronok
  9242 | D:9      | Noticed a two-headed ogre
  9247 | D:9      | Killed a two-headed ogre
  9250 | D:9      | Identified the +5 quarterstaff of Verutseo {flame, rC+
                  | Str+5}
  9322 | D:9      | Reached skill level 8 in Fighting
  9322 | D:9      | Noticed a two-headed ogre
  9521 | D:9      | Killed a two-headed ogre
  9522 | D:9      | Reached XP level 10. HP: 14/82 MP: 10/10
  9775 | D:9      | Killed Gastronok
  9929 | D:9      | Noticed a two-headed ogre
  9944 | D:9      | Killed a two-headed ogre
  9945 | D:9      | Reached skill level 9 in Fighting
 10188 | D:9      | Noticed Erolcha
 10297 | D:9      | Killed Erolcha
 10580 | D:10     | Entered Level 10 of the Dungeon
 10866 | D:10     | Found a staircase to the Lair.
 10901 | D:10     | Reached ** piety under Dithmenos
 10940 | D:10     | Found Irchat's Assorted Antiques.
 10946 | D:10     | Bought a faintly humming ring mail for 243 gold pieces
 10946 | D:10     | Identified the +1 ring mail of the Shishi {Dex+3} (You
                  | bought it in a shop on level 10 of the Dungeon)
 10971 | D:10     | Noticed Erica
 10973 | D:10     | Killed Erica
 11239 | D:10     | Found a shimmering altar of Xom.
 11325 | D:10     | Noticed a soul eater
 11330 | D:10     | Gained mutation: You have a moderately thin skeletal
                  | structure. (Dex +4, Stealth++) [demonic ancestry]
 11330 | D:10     | Reached XP level 11. HP: 46/90 MP: 11/11
 11346 | D:10     | Reached skill level 10 in Fighting
 11568 | D:10     | Noticed a centaur warrior
 11597 | D:10     | Slain by an efreet

Illustrated notes

Levels and vault maps discovered:
D:1:      wheals_arrival_linesprint, layout_rooms, minmay_hexomino_p4
D:2:      layout_basic, basic_altar
D:3:      layout_basic, serial_aquarium, aquarium_bridge_square
          [aquarium_subvault_window, aquarium_subvault_bridge,
          aquarium_subvault_bridge, aquarium_subvault_bridge],
          aquarium_bridge_square [aquarium_subvault_bridge,
          aquarium_subvault_bridge, aquarium_subvault_window,
          aquarium_subvault_wall], aquarium_window_corner, aquarium_window_1,
          aquarium_window_1, aquarium_view_2f, aquarium_view_2f,
          aquarium_balcony_3b, aquarium_pool_S, ebering_ecumenical_altar_ruins,
          uniq_sigmund
D:4:      layout_loops_ring, lightli_corner_chamber, uniq_grinder, uniq_natasha
D:5:      layout_basic, temple_green, uniq_eustachio, uniq_ijyb
D:6:      layout_loops_ring, lemuel_tele_altar, water_maze_lemuel
D:7:      nicolae_cairo_tiling_large, layout_rooms, kennysheep_mini, minitemple
D:8:      layout_rooms, enter_bailey_2
D:9:      layout_rooms, nicolae_titane, uniq_erolcha, uniq_gastronok
D:10:     kennysheep_big_flooded_room, layout_basic, general_overflow_altar,
          dpeg_oklobed_lair, serial_glass, glass_columns_b, glass_columns_a,
          glass_columns_b, glass_columns_a, glass_columns_b, glass_columns_a,
          glass_columns_b, glass_columns_a, serial_shops,
          nicolae_shop_pleasant_corner_grove, uniq_erica
Temple:   minmay_freezing_vapour_temple

Skill      XL: |  1  2  3  4  5  6  7  8  9 10 11 |
---------------+----------------------------------+-----
Throwing       | 2 |  2.0
Long Blades    | 3 4 5 6 7 9 |  9.3
Dodging        | 3 |  3.0
Fighting       | 3 4 5 6 8 9 10 | 10.0
Shields        | 2 3 4 |  4.0
Stealth        | 2 3 5 7 9 |  9.1

Action                     |  1- 3 |  4- 6 |  7- 9 | 10-12 || total
---------------------------+-------+-------+-------+-------++-------
  Melee: Long sword        |    87 |    52 |   143 |    77 ||   359
         Punch             |     1 |     1 |     1 |       ||     3
         Dagger            |       |    13 |   224 |    21 ||   258
         Scimitar          |       |       |       |    21 ||    21
  Evoke: Wand              |       |       |    10 |       ||    10
    Use: Scroll            |       |       |     7 |     3 ||    10
         Potion            |       |       |     7 |     4 ||    11
   Stab: Sleeping          |       |     2 |    15 |     6 ||    23
 Armour: Leather armour    |    44 |    38 |   269 |    54 ||   405
         Ring mail         |       |       |       |    49 ||    49
  Dodge: Dodged            |    51 |    35 |   227 |    90 ||   403
  Block: Buckler           |       |       |    82 |    52 ||   134

Table legend: (Time is in decaauts)
 A = Elapsed time spent in this place.
 B = Non-inter-level travel time spent in this place.
 C = Inter-level travel time spent in this place.
 D = Time resting spent in this place.
 E = Time spent auto-exploring this place.
 F = Levels seen in this place.
 G = Mean time per level.
                   A        B        C        D        E       F      G
               +--------+--------+--------+--------+--------+-----+--------+
         Total |  11669 |  11412 |    257 |   3730 |   4897 |  12 |  972.4 |
       Dungeon |  11333 |  11081 |    252 |   3538 |   4897 |  10 | 1133.3 |
        Temple |     10 |      5 |      5 |      0 |      0 |   1 |   10.0 |
        Bailey |    325 |    325 |      0 |    192 |      0 |   1 |  325.0 |
               +--------+--------+--------+--------+--------+-----+--------+

Top non-repeatable levels by time:
     D:6: 1527 daAuts
     D:3: 1386 daAuts
     D:5: 1296 daAuts
     D:9: 1256 daAuts
     D:4: 1231 daAuts
     D:8: 1075 daAuts
     D:2: 1050 daAuts
    D:10: 1015 daAuts
     D:7: 910 daAuts
     D:1: 583 daAuts
  Bailey: 325 daAuts
  Temple: 10 daAuts
